 Dungeon Crawl Stone Soup version 0.30-b1-2-g02819fbbbe (webtiles) character file.

Game seed: 4968317312693341783

586 sanka the Gusty (level 6, -3/45 HPs)
             Began as a Demigod Air Elementalist on May 19, 2023.
             Killed by divine providence
             ... invoked by an orc priest
              (11 damage)
             ... on level 5 of the Dungeon.
             The game lasted 00:08:44 (4965 turns).

sanka the Gusty (Demigod Air Elementalist)          Turns: 4965, Time: 00:08:44

Health: -3/45      AC:  4    Str:  9    XL:     6   Next: 91%
Magic:  8/13       EV: 12    Int: 25    God:
Gold:   215        SH:  0    Dex: 14    Spells: 0/10 levels left

rFire   . . .        o - +0 whip (venom)
rCold   . . .        (no shield)
rNeg    . . .        a - +0 robe
rPois   .            (no helmet)
rElec   .            y - +0 cloak
rCorr   .            (no gloves)
SInv    .            p - +0 pair of boots
Will    .....        (no amulet)
Stlth   ++           (no ring)
HPRegen 0.27/turn    (no ring)
MPRegen 0.13/turn

%: no passive effects
@: no status effects
A: high MP 1, forlorn, divine attributes
a: no special abilities


You were on level 5 of the Dungeon.
You visited 1 branch of the dungeon, and saw 5 of its levels.

You collected 215 gold pieces.

Inventory:

Hand Weapons
 f - a +0 dagger
 i - a +0 mace
 o - a +0 whip of venom (weapon)
 w - the +1 battleaxe "Leviticus" {freeze, rCorr Int+4}
   (You found it on level 4 of the Dungeon)

   Int:       It affects your intelligence (+4).
   rCorr:     It protects you from acid and corrosion.
 x - a +0 flail
Armour
 a - a +0 robe (worn)
 p - a +0 pair of boots (worn)
 y - a +0 cloak (worn)
Magical Staves
 k - a staff of poison
Jewellery
 m - a +6 ring of dexterity
Wands
 z - a wand of light (9)
Scrolls
 d - a scroll of blinking {unknown}
 e - a scroll of poison {unknown}
 g - a scroll of amnesia {unknown}
 l - a scroll of magic mapping {unknown}
 n - a scroll of fear {unknown}
 t - a scroll of torment {unknown}
 u - 2 scrolls of enchant weapon {unknown}
 v - a scroll of teleportation {unknown}
Potions
 b - 3 potions of magic
 c - 5 potions of attraction {unknown}
 h - 2 potions of might {unknown}
 j - 4 potions of curing {unknown}
 q - a potion of ambrosia {unknown}
 r - a potion of flight {unknown}
 s - a potion of haste {unknown}


   Skills:
 - Level 1.7 Dodging
 - Level 1.7 Stealth
 + Level 2.7 Spellcasting
 - Level 5.0 Conjurations
 + Level 5.0 Air Magic


You couldn't memorise any spells.
You knew the following spells:

 Your Spells              Type           Power      Damage    Failure   Level
a - Shock                 Conj/Air       100%       1d9       1%          1
b - Static Discharge      Conj/Air       56%        2-5/arc   1%          2
c - Swiftness             Air            28%        N/A       3%          3
d - Airstrike             Air            14%        2d(2-18)  13%         4

Your spell library contained the following spells:

 Spells                   Type           Power      Damage    Failure   Level
 Slow                     Hex            12%        N/A       11%         1
 Confusing Touch          Hex            3%         N/A       30%         3
 Frozen Ramparts          Ice            6%         1d1       30%         3
 Inner Flame              Hex/Fire       3%         N/A       30%         3
 Vampiric Draining        Necr           3%         2d6       30%         3
 Ice Form                 Ice/Tmut       3%         N/A       71%         4
 Summon Ice Beast         Ice/Summ       3%         N/A       71%         4
 Yara's Violent Unravell  Hex/Tmut       1%         3d3       96%         5
 Enfeeble                 Hex            1%         N/A       100%        7


Dungeon Overview and Level Annotations

Branches:
Dungeon (5/15)
 Temple: D:4-7


Innate Abilities, Weirdness & Mutations

You have an increased reservoir of magic. (+10% MP)
You shall have no god before yourself.
Your divine heritage dramatically boosts your attributes as you level up.


Message History

The orc is heavily wounded.
The zap misses the orc priest.
Unknown command.
Unknown command.
Casting: Shock (safe; 1% risk of failure)
Confirm with . or Enter, or press ? or * to list all spells.
Aiming: Shock (safe; 1% risk of failure)
Press: ? - help, Shift-Dir - straight line The zap hits the orc.
You kill the orc!
The zap hits the orc.
The orc is moderately wounded.
The zap hits the orc.
You kill the orc!
Training target 5.0 for Conjurations reached!
Your Conjurations skill increases to level 5!
Unknown command.
The orc priest mumbles some strange prayers to Beogh against you.
Pain shoots through your body! The orc attacks as you move away!
The orc misses you.
The orc priest calls down the wrath of Beogh upon you.
Beogh smites you!
Casting: Shock (safe; 1% risk of failure)
Confirm with . or Enter, or press ? or * to list all spells.
The orc priest is struck by an arc of lightning.
The orc priest is moderately wounded.
You are struck by an arc of lightning.
The orc priest is struck by an arc of lightning.
The orc priest is heavily wounded.
You are struck by an arc of lightning.
* * * LOW HITPOINT WARNING * * *
The lightning grounds out.
The orc is struck by an arc of lightning.
The orc is heavily wounded.
You are struck by an arc of lightning.
* * * LOW HITPOINT WARNING * * *
The lightning grounds out.
The orc barely misses you.
The orc priest invokes the aid of Beogh against you.
Beogh smites you!
You die...

.### .....
.....#+###
.........######
..............#
....).........#
#..<......+
#..o@o....##+#
##'###o.......
.....o)........
..##..)#........
.. #...#........
. ##+ ###+#....
.... ... ..


You could see an orc priest and 2 orcs.

Vanquished Creatures
  A bullfrog (D:4)
  A scorpion (D:4)
  A jelly (D:4)
  2 hounds (D:4)
  A gnoll bouda (D:3)
  An iguana (D:4)
  2 orc wizards (D:4)
  13 gnolls
  4 adders
  4 worms
  2 dart slugs (D:4)
  5 orcs
  7 ball pythons
  5 endoplasms
  7 giant cockroaches
  10 hobgoblins
  5 jackals
  2 quokkas (D:4)
  2 bats (D:1)
  2 frilled lizards
  12 goblins
  7 kobolds
  5 rats
101 creatures vanquished.

Vanquished Creatures (others)
  11 plants (D:4)
11 creatures vanquished.

Grand Total: 112 creatures vanquished

Notes
Turn   | Place    | Note
-------+----------+-------------------------------------------
     0 | D:1      | sanka the Demigod Air Elementalist began the quest for the
                  | Orb.
     0 | D:1      | Reached XP level 1. HP: 14/14 MP: 5/5
    37 | D:1      | Reached skill level 1 in Conjurations
   184 | D:1      | Reached XP level 2. HP: 20/20 MP: 2/7
  1080 | D:1      | Reached XP level 3. HP: 26/26 MP: 1/8
  1854 | D:2      | Learned a level 2 spell: Static Discharge
  1858 | D:2      | Learned a level 3 spell: Swiftness
  2993 | D:3      | Reached XP level 4. HP: 27/33 MP: 3/9
  3291 | D:4      | Identified the +1 battleaxe "Leviticus" {freeze, rCorr
                  | Int+4}
  3575 | D:3      | Reached XP level 5. HP: 30/38 MP: 3/10
  4088 | D:4      | Reached XP level 6. HP: 45/45 MP: 8/11
  4778 | D:4      | Learned a level 4 spell: Airstrike
  4828 | D:4      | Reached skill level 5 in Air Magic
  4929 | D:5      | Entered Level 5 of the Dungeon
  4963 | D:5      | Reached skill level 5 in Conjurations
  4965 | D:5      | Killed from afar by an orc priest

Illustrated notes

Levels and vault maps discovered:
D:1:      dpeg_arrival_rhombus, layout_basic, ebering_ecumenical_altar_webs,
          minmay_pentomino_q4
D:2:      layout_basic, corner_web_ring
D:3:      layout_basic
D:4:      layout_rooms, grunt_ministairs_12, serial_bayou_lagoon_b
D:5:      layout_gridville, lemuel_round_altar

Skill      XL: |  1  2  3  4  5  6 |
---------------+-------------------+-----
Conjurations   | 2 3 4 5 |  5.0
Spellcasting   | 2 |  2.7
Air Magic      | 3 4 5 |  5.0
Dodging        | |  1.7
Stealth        | |  1.7

Action                     |  1- 3 |  4- 6 || total
---------------------------+-------+-------++-------
  Melee: Unarmed           |     8 |       ||     8
         Dagger            |     5 |       ||     5
         Mace              |    11 |       ||    11
         Whip              |       |    47 ||    47
         Punch             |       |     1 ||     1
   Cast: Shock             |   110 |   123 ||   233
         Static Discharge  |       |     6 ||     6
   Stab: Sleeping          |     1 |       ||     1
 Armour: Robe              |     4 |    23 ||    27
  Dodge: Dodged            |    28 |    58 ||    86
